 Dungeon Crawl Stone Soup version 0.28-a0-1493-g08698888e4 (webtiles) character file.

Game seed: 1440350963092083868

1 murtidash the Sneak (level 1, -5/19 HPs)
             Began as a Draconian Delver on Jan 13, 2022.
             Killed from afar by a steam dragon (14 damage)
             ... with a ball of steam
             ... on level 7 of the Dungeon.
             The game lasted 00:01:28 (196 turns).

murtidash the Sneak (Draconian Delver)               Turns: 196, Time: 00:01:29

Health: -5/19      AC:  4    Str: 14    XL:     1   Next: 16%
Magic:  1/1        EV: 12    Int: 10    God:
Gold:   0          SH:  0    Dex: 12    Spells: 0/0 levels left

rFire   . . .      SeeInvis .   a - +0 hand axe
rCold   . . .      Faith    .   (no shield)
rNeg    . . .      Spirit   .   (armour unavailable)
rPois   .          Reflect  .   (helmet restricted)
rElec   .          Harm     .   (no cloak)
rCorr   .          Rampage  .   (no gloves)
Will    .....                   (no boots)
Stlth   +++.......              (no amulet)
HPRegen 0.06/turn               (no ring)
MPRegen 0.07/turn               (no ring)

@: no status effects
A: AC +4, unfitting armour, cold-blooded
a: no special abilities


You were on level 7 of the Dungeon.
You visited 1 branch of the dungeon, and saw 2 of its levels.

Inventory:

Hand Weapons
 a - a +0 hand axe (weapon)
Wands
 f - a wand of digging (3)
Scrolls
 b - a scroll of fog
 c - a scroll of magic mapping {!r}
 g - a scroll of blinking {unknown}
Potions
 e - a potion of haste


   Skills:
 + Level 3.3 Fighting
 + Level 2.0 Axes
 + Level 1.8 Dodging
 + Level 4.5 Stealth


You couldn't memorise any spells.
You didn't know any spells.
Your spell library contained the following spells:

 Spells                   Type           Power      Damage    Failure   Level
 Static Discharge         Conj/Air       0%         N/A       50%         2
 Lightning Bolt           Conj/Air       0%         1d11      100%        5
 Maxwell's Capacitive Co  Air            0%         ∞         100%        8


Dungeon Overview and Level Annotations

Branches:
Dungeon (5/15)
 Temple: D:4-7

Altars:
Nemelex Xobeh

Shops:
D:5 (


Innate Abilities, Weirdness & Mutations

Your plain brown scales are hard. (AC +4)
You cannot fit into any form of body armour.
You are cold-blooded and may be slowed by cold attacks.


Message History

Options error: Bad channel -- pray (~/.crawlrc:3858) Options error: Bad channel -- food (~/.crawlrc:3861) Options error: Bad channel -- rotten_meat (~/.crawlrc:3878) Options error: Bad object type '%}\|' for autopickup. (~/.crawlrc:6568) Welcome, murtidash the Draconian Delver.
Below lies the Orb of Zot, rumoured to be powerful enough to resurrect a god...
Found a stone staircase leading down.
Lua error: attempt to yield across metamethod/C-call boundary A quokka comes into view.
You closely miss the quokka. The quokka closely misses you.
The quokka misses you.
You slash the quokka!
You kill the quokka!
You see here a quokka corpse.
g - a scroll labelled BEVVAPS MAUMOC
Found Ererrug's Weapon Shop.
Found a stone staircase leading down.
You see here a quokka corpse.
Unknown command.
An ogre and a dart slug come into view.
A gnoll sergeant comes into view. It is wielding a +3 trident.
A gnoll comes into view. It is wielding a +0 spear.
The gnoll sergeant shouts!
You hear a shout! x2
A gnoll comes into view. It is wielding a +0 spear.
The gnoll moves out of view.
The gnoll sergeant hits you from afar with a +3 trident!
You take 7 damage, and have 12/19 hp.
MASSIVE DAMAGE!!
A jelly comes into view.
A scorpion comes into view.
The jelly quivers.
An adder comes into view.
The adder hisses angrily.
As you read the scroll of fear, it crumbles to dust.
You assume a fearsome visage.
The gnoll sergeant looks frightened!
The adder looks frightened!
You see here a book of Lightning.
You pick up a book of Lightning and begin reading...
You add the spells Static Discharge, Lightning Bolt and Maxwell's Capacitive Coupling to your library.
An iguana comes into view.
An orc comes into view. It is wielding a +0 trident.
A gnoll comes into view. It is wielding a +0 whip.
The adder bites you.
You take 3 damage, and have 13/19 hp.
The adder closely misses you. The adder barely misses you. The adder bites you.
You take 3 damage, and have 11/19 hp.
The adder misses you. The adder barely misses you.
The adder completely misses you. The adder bites you but does no damage.
The adder barely misses you. The adder bites you but does no damage.
You open the door. The adder bites you but does no damage.
Found a sparkling altar of Nemelex Xobeh.
There is an open door here.
The adder completely misses you.
There is a shaft here.
You fall into a shaft and drop 2 floors!
The shaft crumbles and collapses.
A steam dragon comes into view.
The steam dragon hisses angrily.
You hit the steam dragon but do no damage.
The steam dragon misses you. The steam dragon claws you.
You take 4 damage, and have 8/19 hp.
MASSIVE DAMAGE!!
You see here 9 gold pieces.
The steam dragon breathes steam at you. The ball of steam hits you!
Ouch! That really hurt!
You die...

##.#########
#......$...#
#..#######.#
#..# #.#
#...# #.#
...... #.#
..#...# #D#
.......#
##§# ...####
#@.# #.##
#.# ... ....
#...# #..##
#..#


You could see a steam dragon (catching breath).

Vanquished Creatures
  A quokka (D:5)
1 creature vanquished.

Vanquished Creatures (others)
  2 plants (D:5)
2 creatures vanquished.

Grand Total: 3 creatures vanquished

Notes
Turn   | Place    | Note
-------+----------+-------------------------------------------
     0 | D:5      | murtidash the Draconian Delver began the quest for the Orb.
     0 | D:5      | Reached XP level 1. HP: 19/19 MP: 1/1
    23 | D:5      | Found Ererrug's Weapon Shop.
    54 | D:5      | Noticed an ogre
    64 | D:5      | Noticed a gnoll sergeant
    83 | D:5      | Noticed a jelly
    84 | D:5      | Noticed a scorpion
   106 | D:5      | Noticed an iguana
   175 | D:5      | Found a sparkling altar of Nemelex Xobeh.
   179 | D:7      | Noticed a steam dragon
   196 | D:7      | Killed from afar by a steam dragon

Illustrated notes

Levels and vault maps discovered:
D:5:      layout_loops_ring, nemelex_spade_bored_becter,
          mainiacjoe_overflow_boulevard, nicolae_take_the_stairs,
          nicolae_figureground_pulse
D:7:      layout_loops_ring, led_xom_imps, nicolae_overflow_hidden_temple,
          minmay_temple_entry_crystal_x, nicolae_elemental_shop, uniq_pikel,
          uniq_harold, uniq_prince_ribbit1

Action                   || total
-------------------------++-------
Melee: Hand axe          ||     3
  Use: Scroll            ||     1
Armor: Skin              ||     3
Dodge: Dodged            ||    10

Table legend: (Time is in decaauts)
 A = Elapsed time spent in this place.
 B = Non-inter-level travel time spent in this place.
 C = Inter-level travel time spent in this place.
 D = Time resting spent in this place.
 E = Time spent auto-exploring this place.
 F = Levels seen in this place.
 G = Mean time per level.
                   A        B        C        D        E       F      G
               +--------+--------+--------+--------+--------+-----+--------+
         Total |    196 |    196 |      0 |      0 |      0 |   2 |   98.0 |
       Dungeon |    196 |    196 |      0 |      0 |      0 |   2 |   98.0 |
               +--------+--------+--------+--------+--------+-----+--------+

Top non-repeatable levels by time:
     D:5: 178 daAuts
     D:7: 18 daAuts

Table legend:
 A = Kills in this place as a percentage of kills in entire the game.
 B = Kills by you in this place as a percentage of kills by you in the entire game.
 C = Kills by friends in this place as a percentage of kills by friends in the entire game.
 D = Other kills in this place as a percentage of other kills in the entire game.
 E = Experience gained in this place as a percentage of experience gained in the entire game.
 F = Experience gained in this place divided by the number of levels of this place that you have seen.
                   A       B       C       D       E      F
               +-------+-------+-------+-------+-------+----------------------
         Total | 100.0 | 100.0 |   N/A |   N/A | 100.0 |   1.0
       Dungeon | 100.0 | 100.0 |   N/A |   N/A | 100.0 |   1.0
               +-------+-------+-------+-------+-------+----------------------
